 Dungeon Crawl Stone Soup version 0.29-a0-757-g358383bc75 (webtiles) character file.

Game seed: 5195949192863475459

87356 scionoferis the Nimble (level 15, 0/92 HPs)
             Began as a Tengu Brigand on June 29, 2022.
             Was a High Priest of Vehumet.
             Slain by a bunyip (28 damage)
             ... on level 1 of the Swamp on June 30, 2022.
             The game lasted 05:09:54 (47528 turns).

scionoferis the Nimble (Tengu Brigand)             Turns: 47528, Time: 05:09:55

Health: 0/92       AC: 10    Str: 16    XL:     15   Next: 90%
Magic:  23/29      EV: 26    Int: 22    God:    Vehumet [*****.]
Gold:   903        SH:  0    Dex: 16    Spells: 7/33 levels left

rFire   . . .      SeeInvis .   a - +0 dagger (elec)
rCold   . . .      Faith    .   (no shield)
rNeg    + . .      Spirit   .   P - +0 acid dragon scales
rPois   .          Reflect  .   (helmet restricted)
rElec   .          Harm     .   T - scarf {repulsion}
rCorr   +          Rampage  .   L - +2 pair of gloves
Will    ++...      Clarity  +   (boots unavailable)
Stlth   +++.......              (no amulet)
HPRegen 0.25/turn               W - +4 ring of evasion
MPRegen 0.21/turn               X - ring "Magain" {rN+ Will+ Str+2 Int+6}

@: flying quickly and evasively, repel missiles, quick
A: beak, talons 3, nimble flight, clarity
a: Renounce Religion


You were on level 1 of the Swamp.
You worshipped Vehumet.
Vehumet was extremely pleased with you.
You visited 5 branches of the dungeon, and saw 25 of its levels.
You also visited: Bailey and Ice Cave.

You collected 1982 gold pieces.
You spent 1079 gold pieces at shops.

Inventory:

Hand Weapons
 a - a +0 dagger of electrocution (weapon)
 b - a +0 scimitar of flaming
 F - a +0 longbow
 U - a +3 great sword
Missiles
 d - 144 stones
 e - 10 curare-tipped darts
 n - 4 throwing nets
 v - 14 boomerangs
 D - 13 javelins
 O - 33 poisoned darts (quivered)
 R - 3 silver boomerangs
Armour
 K - a +0 buckler
 L - a +2 pair of gloves (worn)
 P - +0 acid dragon scales (worn)
 T - a scarf of repulsion (worn)
Jewellery
 m - the ring "Sesch" {rPois rF+ rCorr Str+6 Int-5}
   (You found it in an ice cave)

   [ring of strength]

   Str:       It affects your strength (+6).
   Int:       It affects your intelligence (-5).
   rF:        It protects you from fire.
   rPois:     It protects you from poison.
   rCorr:     It protects you from acid and corrosion.
 y - a +6 ring of strength
 G - the ring "Saewkouz" {rElec Int+7 Dex-4 SInv}
   (You found it in an ice cave)

   [ring of see invisible]

   Int:       It affects your intelligence (+7).
   Dex:       It affects your dexterity (-4).
   rElec:     It insulates you from electricity.
   SInv:      It lets you see invisible.
 J - a ring of protection from cold
 N - a +4 ring of protection
 Q - a +6 ring of intelligence
 S - a +4 ring of protection
 W - a +4 ring of evasion (left hand)
 X - the ring "Magain" (right hand) {rN+ Will+ Str+2 Int+6}
   (You bought it in a shop on level 3 of the Dungeon)

   [ring of intelligence]

   Str:       It affects your strength (+2).
   Int:       It affects your intelligence (+6).
   rN:        It protects you from negative energy.
   Will:      It increases your willpower.
Wands
 c - a wand of iceblast (20)
 o - a wand of light (1)
 t - a wand of digging (4)
 B - a wand of mindburst (13)
 C - a wand of polymorph (3)
 I - a wand of flame (11)
 V - a wand of paralysis (7)
Scrolls
 f - 2 scrolls of magic mapping
 g - 2 scrolls of silence
 h - 2 scrolls of enchant weapon
 i - 4 scrolls of identify
 j - 5 scrolls of blinking
 k - 3 scrolls of fear
 p - a scroll of amnesia
 w - 2 scrolls of teleportation
Potions
 l - 2 potions of resistance
 q - a potion of magic
 r - 2 potions of might
 s - a potion of invisibility
 u - 11 potions of curing
 x - 2 potions of brilliance
 z - a potion of haste
 A - 3 potions of lignification
 E - 2 potions of cancellation
 H - a potion of mutation
Miscellaneous
 M - a piece from Xom's chessboard (15/15)
 Z - a tin of tremorstones (2/2)


   Skills:
 - Level 10.0 Fighting
 - Level 8.5(10.7) Short Blades
 + Level 10.2(11.5) Long Blades
 - Level 2.0 Throwing
 - Level 4.3 Armour
 - Level 13.5 Dodging
 - Level 5.2 Stealth
 * Level 0.4 Shields
 - Level 9.8 Spellcasting
 - Level 9.4 Conjurations
 + Level 1.8 Necromancy
 + Level 1.4 Translocations
 + Level 4.2 Fire Magic
 - Level 8.0 Ice Magic
 + Level 6.7 Earth Magic
 - Level 7.0 Evocations


You had 7 spell levels left.
You knew the following spells:

 Your Spells              Type           Power      Damage    Failure   Level
a - Freeze                Ice            100%       1d11      1%          1
b - Sandblast             Erth           80%        2d17      1%          1
c - Frozen Ramparts       Ice            92%        1d11      1%          3
d - Iron Shot             Conj/Erth      23%        9d5       12%         6
e - Lee's Rapid Deconstr  Erth           20%        3d13*     4%          5
f - Sticky Flame          Conj/Fire      41%        2d6       1%          4
g - Apportation           Tloc           32%        N/A       4%          1
h - Borgnjor's Vile Clut  Necr/Erth      14%        N/A       36%         5

Your spell library contained the following spells:

 Spells                   Type           Power      Damage    Failure   Level
 Scorch                   Fire           58%        2d8       1%          2
 Flame Wave               Conj/Fire      41%        2d9       1%          4
 Necrotize                Necr           76%        1d7       3%          1
 Summon Small Mammal      Summ           40%        N/A       9%          1
 Vampiric Draining        Necr           19%        2d7       12%         3
 Animate Armour           Summ/Erth      50%        N/A       21%         4
 Animate Dead             Necr           19%        N/A       36%         4
 Agony                    Necr           19%        N/A       71%         5
 Summon Forest            Summ/Tloc      6%         N/A       86%         5
 Alistair's Intoxication  Tmut/Pois      6%         N/A       92%         5
 Blade Hands              Tmut           5%         N/A       92%         5
 Summon Mana Viper        Hex/Summ       10%        N/A       92%         5
 Eringya's Noxious Bog    Tmut/Pois      5%         N/A       95%         6
 Summon Cactus Giant      Summ           5%         N/A       100%        6
 Haunt                    Necr/Summ      7%         N/A       100%        7
 Infestation              Necr           9%         N/A       100%        8


Dungeon Overview and Level Annotations

Branches:
Dungeon (15/15)            Temple (1/1) D:5            Lair (6/6) D:9
  Swamp (2/4) Lair:4        Snake (1/4) Lair:4        Slime (0/5) Lair:6
    Orc (0/2) D:10         Depths (0/4) D:15         Bailey (visited)
  IceCv (visited)
 Vaults: D:13-14

Altars:
Ashenzari
Cheibriados
Dithmenos
Elyvilon
Fedhas
Gozag
Hepliaklqana
Kikubaaqudgha
Makhleb
Nemelex Xobeh
Okawaru
Qazlal
Ru
Sif Muna
Trog
Uskayaw
Vehumet
Wu Jian
Xom
Yredelemnul
Zin
The Shining One

Shops:
D:3 =   D:6 (   D:9 *

Annotations:
D:12 !SHADOW DRAGON
Lair:6 exclusion: obsidian statue
Swamp:2 1 runed translucent door


Innate Abilities, Weirdness & Mutations

You have a beak for a mouth.
You have claws for feet.
Your magical nature lets you fly swiftly and evasively.
You possess an exceptional clarity of mind.


Message History

< or
W - a +4 ring of evasion > or
X - the ring "Magain" {rN+ Will+ Str+2 Int+6} You remove your +4 ring of evasion.
You feel stronger.
You feel stupid.
m - the ring "Sesch" (left hand) {rPois rF+ rCorr Str+6 Int-5} The bunyip gives a hideous shriek!
The bunyip howls a warning cry!
You hear a roar!
You hear a shout!
The bunyip howls a warning cry!
The bunyip howls a warning cry!
There is a stone staircase leading down, spattered with blood here.
The bunyip howls a warning cry!
There is a stone staircase leading up, spattered with blood here.
You're wearing all the rings you can.
Remove which one? (? for menu, Esc to cancel) < or
m - the ring "Sesch" {rPois rF+ rCorr Str+6 Int-5} > or
X - the ring "Magain" {rN+ Will+ Str+2 Int+6} You remove the ring "Sesch" {rPois rF+ rCorr Str+6 Int-5}.
You feel weaker.
W - a +4 ring of evasion (left hand)
Casting: Sticky Flame (mildly dangerous; 1% risk of failure)
Confirm with . or Enter, or press ? or * to list all spells.
Aiming: Iron Shot (dangerous; 12% risk of failure)
Press: ? - help, Shift-Dir - straight line, f - bunyip
Aim: a bunyip (71% to hit)
The iron shot misses the bunyip.
Casting: Iron Shot (dangerous; 12% risk of failure)
Confirm with . or Enter, or press ? or * to list all spells.
Aiming: Sandblast (safe; 1% risk of failure)
Press: ? - help, Shift-Dir - straight line, f/p - bunyip
Aim: a bunyip (83% to hit)
The blast of sand hits the bunyip!
The bunyip is lightly wounded.
The bunyip claws you! The bunyip claws you!! The bunyip completely misses you.
You fly upwards.
There is a stone staircase leading down, spattered with blood here.
The bunyip claws you but does no damage.
The bunyip claws you!! x2
You die...

......≈≈≈≈....≈.≈♣♣♣.≈≈≈≈≈≈.≈..♣
♣♣♣♣..≈≈≈....≈≈..≈≈..≈≈≈......♣♣
♣ ♣..≈≈≈§♣♣)..≈..≈......≈≈....≈♣
♣ ♣.≈≈≈..≈♣♣≈..≈≈≈≈..≈.≈≈≈≈≈≈.♣♣
♣♣...♣........≈≈≈...≈..≈≈≈≈≈≈.♣
♣♣.≈♣♣♣♣....≈≈≈≈..♣♣....♣≈.....♣♣
♣.......≈≈..≈≈≈≈.♣≈.≈§≈.♣♣≈....≈♣
♣.≈≈....≈≈≈≈≈≈≈≈≈♣≈.≈≈≈.♣♣.§.≈§≈♣
≈≈≈≈......♣.§≈≈†@♣♣♣≈≈≈.♣♣...≈≈.♣
..≈.≈≈.........[x>♣♣♣..≈♣♣♣♣♣≈.♣♣
...≈≈≈≈..≈..≈≈§..♣♣ ♣♣♣♣♣ ♣♣≈♣
..≈.........≈≈≈.≈♣ ♣♣♣
.≈≈.......♣♣♣≈.≈♣♣♣♣♣♣♣♣♣
....≈≈..♣♣♣≈♣♣≈♣♣≈≈≈≈≈≈≈♣♣
........♣≈..♣♣♣♣≈.≈♣♣≈≈♣≈♣♣
.#..≈..♣♣♣≈...♣..#..♣♣♣≈..♣
#...≈≈.♣♣....≈.♣.≈..≈♣♣...♣


You could see a bunyip.

Vanquished Creatures
  A fenstrider witch (Swamp:1)
  3 eleionomae (Swamp:1)
  3 bunyips
  A white draconian (IceCv)
  Josephine (Swamp:1)
  2 boulder beetles (D:12)
  Harold (D:10)
  12 hydras
  Erica (Lair:1)
  A centaur warrior (D:11)
  4 alligators
  4 two-headed ogres
  A tengu warrior (D:15)
  13 death yaks
  Sonja (D:10)
  5 goliath frogs (Swamp:1)
  2 spectral death yaks (Lair:6)
  3 spriggan druids (Swamp:1)
  A swamp dragon (Swamp:1)
  3 bog bodies (Swamp:1)
  A deep elf pyromancer (D:12)
  3 necromancers
  A lindwurm (shapeshifter) (D:12)
  2 ugly things
  An orc knight (Bailey)
  3 oklob plants (Lair:1)
  2 manticores (D:11)
  A will-o-the-wisp (Swamp:1)
  3 black mambas
  2 ice statues (IceCv)
  12 elephants
  A guardian serpent (shapeshifter) (D:15)
  A dire elephant zombie (Lair:6)
  An unseen horror (D:12)
  18 cane toads
  A gargoyle (D:11)
  9 rime drakes
  10 komodo dragons
  A polar bear (Lair:4)
  3 tyrant leeches (Swamp:1)
  A troll (D:12)
  7 hornets
  Grinder (D:4)
  20 blink frogs
  6 slime creatures (D:7)
  8 spriggans
  A shadow (D:11)
  4 wyverns
  A dire elephant simulacrum (Lair:6)
  36 yaks
  5 wraiths
  5 basilisks
  A steam dragon (D:9)
  9 vampire mosquitoes
  3 wargs (D:8)
  9 swamp worms
  3 acid dragons
  12 water moccasins
  A floating eye (Lair:1)
  A swamp drake (Swamp:1)
  An ice beast (D:6)
  2 sky beasts
  13 orc warriors
  4 black bears
  3 elephant zombies (Lair:6)
  2 centaurs
  3 wolves
  2 elephant skeletons (Lair:6)
  16 bullfrogs
  2 kobold brigands
  4 scorpions
  A cane toad simulacrum (Lair:6)
  3 wights
  An elephant simulacrum (Lair:6)
  4 lindwurm simulacra (IceCv)
  8 killer bees (D:9)
  4 electric eels
  7 howler monkeys
  5 lava snakes (Lair:6)
  4 komodo dragon simulacra (IceCv)
  2 hounds (D:5)
  6 jellies
  5 orc priests
  2 gnoll shamans
  3 iguanas
  11 orc wizards
  13 hell rats
  A mummy (D:9)
  9 gnolls
  7 acid dragon simulacra (IceCv)
  10 adders
  15 white imps
  2 ufetubi
  6 steam dragon simulacra (IceCv)
  3 dart slugs
  34 orcs
  6 ball pythons
  7 bats
  15 endoplasms
  3 giant cockroaches
  21 goblins
  11 hobgoblins
  4 quokkas
  A frilled lizard (D:1)
  26 kobolds
  4 rats (D:1)
589 creatures vanquished.

Vanquished Creatures (collateral kills)
  A bog body (Swamp:1)
1 creature vanquished.

Vanquished Creatures (others)
  2 bloated husks
  A kobold (D:4)
  4 foxfires (Swamp:1)
  40 fungi
  56 plants
  24 withered plants (Lair:6)
127 creatures vanquished.

Grand Total: 717 creatures vanquished

Notes
Turn   | Place    | Note
-------+----------+-------------------------------------------
     0 | D:1      | scionoferis the Tengu Brigand began the quest for the Orb.
     0 | D:1      | Reached XP level 1. HP: 12/12 MP: 2/2
   148 | D:1      | Found a faded altar of an unknown god.
   159 | D:1      | Reached XP level 2. HP: 16/18 MP: 3/3
   312 | D:1      | Reached skill level 2 in Dodging
   673 | D:1      | Reached XP level 3. HP: 22/22 MP: 4/4
  1153 | D:2      | Found a radiant altar of Vehumet.
  1434 | D:2      | Reached XP level 4. HP: 28/28 MP: 5/5
  1452 | D:2      | Reached skill level 3 in Dodging
  2267 | D:3      | Found Ojouqal's Jewellery Shoppe.
  2352 | D:3      | Found a bloodstained altar of Trog.
  2520 | D:3      | Gained mutation: Your magical nature lets you fly swiftly
                  | and evasively. [Tengu growth]
  2520 | D:3      | Reached XP level 5. HP: 11/33 MP: 6/6
  3074 | D:4      | Noticed a black bear
  3107 | D:4      | Reached skill level 4 in Dodging
  3236 | D:4      | Gained mutation: You possess an exceptional clarity of
                  | mind. [potion of mutation]
  3242 | D:4      | Killed a black bear
  3243 | D:4      | Reached XP level 6. HP: 26/39 MP: 7/7
  3485 | D:4      | Reached skill level 5 in Dodging
  3498 | D:4      | Reached skill level 5 in Fighting
  3882 | D:4      | Noticed Grinder
  4278 | D:4      | Reached XP level 7. HP: 40/44 MP: 8/8
  4475 | D:4      | Killed Grinder
  4476 | D:4      | Reached skill level 6 in Dodging
  5021 | D:5      | Entered Level 5 of the Dungeon
  5192 | D:5      | Identified the +1 war axe of War {flame, Drain Str+2 Int+4}
  5696 | D:5      | Reached XP level 8. HP: 49/52 MP: 9/9
  5818 | D:5      | Reached skill level 7 in Dodging
  6136 | D:5      | Reached skill level 1 in Spellcasting
  6136 | D:5      | Reached skill level 1 in Evocations
  6260 | D:5      | Found a staircase to the Ecumenical Temple.
  6269 | Temple   | Entered the Ecumenical Temple
  7200 | D:6      | Noticed an eight-headed hydra
  7201 | D:6      | Found Liruxoevuw's Weapon Shoppe.
  7714 | D:6      | Reached XP level 9. HP: 55/57 MP: 13/13
  7995 | D:7      | Reached skill level 8 in Dodging
  8546 | D:7      | Found a shimmering blue altar of Sif Muna.
  8619 | D:7      | Found a flagged portal.
  8650 | Bailey   | Entered a bailey
  8657 | Bailey   | Noticed an orc knight
  8777 | Bailey   | Killed an orc knight
  9406 | Bailey   | Identified the +1 leather armour "Iladuasch" {*Slow +Blink
                  | rPois Str+3}
  9474 | Bailey   | Reached skill level 9 in Dodging
  9561 | Bailey   | Reached skill level 5 in Evocations
  9561 | Bailey   | Reached XP level 10. HP: 65/65 MP: 17/17
  9741 | Temple   | Became a worshipper of Vehumet
 10262 | D:7      | Reached skill level 1 in Long Blades
 10664 | D:8      | Noticed a two-headed ogre
 10716 | D:7      | Killed a two-headed ogre
 10717 | D:7      | Reached skill level 5 in Spellcasting
 11325 | D:8      | Found a sacrificial altar of Ru.
 11333 | D:8      | Found a hide-covered altar of Uskayaw.
 11618 | D:9      | Found a staircase to the Lair.
 11726 | D:9      | Reached * piety under Vehumet
 11726 | D:9      | Offered knowledge of Freeze by Vehumet.
 11731 | D:9      | Learned a level 1 spell: Freeze
 11814 | D:9      | Found a burning altar of Makhleb.
 12158 | D:9      | Reached XP level 11. HP: 45/71 MP: 20/20
 12422 | D:9      | Found Kocwisk's Fire Supplies.
 12432 | D:9      | Reached skill level 1 in Ice Magic
 12526 | D:9      | Reached skill level 10 in Dodging
 12533 | D:9      | Found a snail-covered altar of Cheibriados.
 12988 | Lair:1   | Entered Level 1 of the Lair of Beasts
 13029 | Lair:1   | Noticed an oklob plant
 13633 | Lair:1   | Noticed Erica
 13652 | Lair:1   | Killed Erica
 13653 | Lair:1   | Reached skill level 5 in Short Blades
 14460 | Lair:1   | Noticed an oklob plant
 14587 | Lair:1   | Noticed an oklob plant
 15115 | Lair:2   | Noticed an eight-headed hydra
 15126 | Lair:2   | Noticed a six-headed hydra
 15278 | D:6      | Killed an eight-headed hydra
 15396 | D:10     | Entered Level 10 of the Dungeon
 15534 | D:10     | Reached ** piety under Vehumet
 15534 | D:10     | Offered knowledge of Sandblast by Vehumet.
 15570 | D:10     | Reached skill level 5 in Long Blades
 15582 | D:10     | Learned a level 1 spell: Sandblast
 15841 | D:10     | Reached skill level 10 in Fighting
 15857 | D:10     | Reached XP level 12. HP: 65/77 MP: 22/22
 15869 | D:10     | Reached skill level 1 in Earth Magic
 15923 | D:10     | Noticed Harold
 16016 | Lair:2   | Killed a six-headed hydra
 16464 | D:9      | Killed a two-headed hydra
 17447 | Lair:2   | Reached skill level 11 in Dodging
 18139 | Lair:2   | Offered knowledge of Frozen Ramparts by Vehumet.
 18144 | Lair:2   | Learned a level 3 spell: Frozen Ramparts
 18425 | Lair:3   | Reached *** piety under Vehumet
 18673 | Lair:3   | Learned a level 6 spell: Iron Shot
 19922 | Lair:4   | Reached skill level 1 in Conjurations
 19923 | Lair:3   | HP: 3/77 [poisoned by a cane toad]
 19924 | Lair:3   | HP: 1/77 [poisoned by a cane toad]
 21651 | Lair:4   | Reached skill level 5 in Ice Magic
 21903 | Lair:4   | Offered knowledge of Olgreb's Toxic Radiance by Vehumet.
 22177 | Lair:4   | Reached XP level 13. HP: 78/82 MP: 25/25
 22448 | Lair:4   | Found a staircase to the Snake Pit.
 22572 | Lair:4   | Found a staircase to the Swamp.
 23363 | Lair:4   | Reached **** piety under Vehumet
 24441 | Lair:4   | Reached skill level 5 in Conjurations
 24878 | Lair:4   | Reached skill level 12 in Dodging
 27480 | Lair:6   | Entered Level 6 of the Lair of Beasts
 27563 | Lair:6   | Found a frozen archway.
 27584 | Lair:6   | Offered knowledge of Lee's Rapid Deconstruction by Vehumet.
 27815 | IceCv    | Entered an ice cave
 27980 | IceCv    | Reached XP level 14. HP: 59/88 MP: 27/27
 28116 | IceCv    | Learned a level 5 spell: Lee's Rapid Deconstruction
 28948 | IceCv    | Identified the ring "Sesch" {rPois rF+ rCorr Str+6 Int-5}
 28981 | IceCv    | Noticed a white draconian
 29492 | IceCv    | Identified the ring "Saewkouz" {rElec Int+7 Dex-4 SInv}
 29548 | IceCv    | Killed a white draconian
 30070 | Lair:6   | Identified the +1 robe of the Eternal Void {MP+9 Dex+4}
 30525 | Lair:6   | Noticed a dire elephant
 30525 | Lair:6   | Noticed a dire elephant
 30591 | Lair:6   | Found a broken altar of Ashenzari.
 30970 | Lair:6   | Reached ***** piety under Vehumet
 31014 | Lair:6   | Found a staircase to the Slime Pits.
 31987 | Lair:6   | Reached skill level 5 in Earth Magic
 32789 | Lair:6   | Offered knowledge of Eringya's Noxious Bog by Vehumet.
 33448 | D:10     | Killed Harold
 33657 | D:10     | Noticed Sonja
 33942 | D:10     | Killed Sonja
 34081 | D:10     | Found a staircase to the Orcish Mines.
 34534 | D:11     | Reached skill level 1 in Armour
 35190 | D:11     | Reached skill level 13 in Dodging
 35531 | D:11     | Found a sparkling altar of Nemelex Xobeh.
 35718 | D:12     | You are sucked into a shaft and drop 3 floors!
 35718 | D:15     | Entered Level 15 of the Dungeon
 35942 | D:12     | Reached XP level 15. HP: 81/92 MP: 27/29
 36647 | D:12     | Upgraded the game from 0.29-a0-732-g3d7fbe0af2 to
                  | 0.29-a0-757-g358383bc75
 36908 | D:12     | Noticed a shadow dragon
 38018 | Lair:1   | Paralysed by a floating eye for 2 turns
 38918 | D:9      | Bought the Compendium of Fire for 338 gold pieces
 38924 | D:9      | Learned a level 4 spell: Sticky Flame
 39123 | Snake:1  | Entered Level 1 of the Snake Pit
 39326 | Swamp:1  | Entered Level 1 of the Swamp
 39356 | Swamp:1  | Noticed Josephine
 39605 | D:3      | Bought the ring "Magain" {rN+ Will+ Str+2 Int+6} for 741
                  | gold pieces
 39842 | Swamp:1  | Killed Josephine
 40773 | Lair:4   | Reached skill level 1 in Fire Magic
 41921 | Swamp:1  | Reached skill level 10 in Long Blades
 42273 | Swamp:1  | Learned a level 1 spell: Apportation
 43066 | Swamp:1  | HP: 4/92 [spore (21)]
 44641 | Swamp:1  | Noticed a fenstrider witch
 44810 | Swamp:1  | Killed a fenstrider witch
 44811 | Swamp:1  | Reached skill level 1 in Translocations
 44943 | Swamp:1  | Learned a level 5 spell: Borgnjor's Vile Clutch
 45727 | Swamp:2  | Reached skill level 5 in Stealth
 45727 | Swamp:2  | Reached skill level 1 in Necromancy
 47077 | Swamp:2  | Found a basalt altar of Yredelemnul.
 47136 | Swamp:2  | Found a runed translucent door.
 47528 | Swamp:1  | Slain by a bunyip

Illustrated notes

Levels and vault maps discovered:
D:1:      dpeg_arrival_stonehenge_8_columns, layout_basic,
          shapermc_ecumenical_altar_pompeii, minmay_misc_feat_tiny,
          chequers_serial_rivers_micro_e
D:2:      layout_basic, basic_altar, serial_bayou_crossing
D:3:      layout_loops_ring, mainiacjoe_overflow_concentric_impassable,
          serial_shops, shop_statue
D:4:      minmay_polygon_palace, layout_basic, nicolae_ossuary_entry_monument,
          uniq_grinder
D:5:      layout_gridville, lemuel_temple_firewalk_b, minmay_misc_feat_chi
D:6:      layout_basic, serial_shops, nicolae_shop_bloodbath_and_beyond,
          st_stairs_2
D:7:      layout_basic, mainiacjoe_overflow_alcove_4, enter_bailey_5,
          nicolae_figureground_pulse
D:8:      layout_rooms, nicolae_ru_path_of_blood, mainiacjoe_overflow_catwalk,
          skrybe_limestone_x, nicolae_fountain_basement
D:9:      layout_irregular_city, mainiacjoe_overflow_paths, slow_altar_2,
          erik_lair_orcish_takeover, nicolae_shop_fire_sale
          [nicolae_sub_dead_trees], abandoned_shop
D:10:     layout_basic, david_orc_4, uniq_sonja, uniq_harold
D:11:     layout_roguey, kennysheep_another_room, nemelex_lonely_heart_becter
D:12:     layout_loops_ring, kennysheep_path_1,
          minmay_checkered_concentric_circles
D:13:     layout_rooms, nicolae_blasting_shop, zin_purify
D:14:     layout_roguey, erik_vaults_1
D:15:     grunt_enter_depths_hoard, layout_long_grid, amethyst_killhole,
          uniq_agnes
Temple:   eino_temple_rhombus
Lair:1:   layout_concentric_octagons, disabler_island, grunt_megastairs_5,
          uniq_erica
Lair:2:   layout_regular_city, st_stairs_9
Lair:3:   layout_concentric_octagons
Lair:4:   layout_cave_pods, nicolae_swamp_entry_splash_gauntlet,
          dummy_snake_entry
Lair:5:   layout_cave_pods, lemuel_fruit_tree
Lair:6:   due_jungle_book, layout_misc_corridors, slime_entry_1,
          portal_ice_cave_entry_imps, basic_altar, nicolae_lair_liquid_snakes
Swamp:1:  nicolae_swamp_standing_stones, layout_basic_swamp,
          evilmike_swamp_ruin_house_4, infiniplex_staircase_pool_2,
          uniq_josephine
Swamp:2:  gammafunk_mikee_crab_dinner, layout_falls_marsh,
          evilmike_swamp_ruin_house_6, swamp_pool4, lemuel_altar_in_water2
Snake:1:  layout_onion_interference, nicolae_snake_salamander_fort

Skill      XL: |  1  2  3  4  5  6  7  8  9 10 11 12 13 14 15 |
---------------+----------------------------------------------+-----
Dodging        | 2 3 4 5 6 7 9 10 11 12 13 | 13.5
Fighting       | 3 4 5 6 7 8 9 10 | 10.0
Spellcasting   | 2 4 5 6 7 8 9 |  9.8
Evocations     | 2 5 6 7 |  7.0
Long Blades    | 3 5 7 8 9 10 | 10.2
Short Blades   | 4 6 7 8 |  8.5
Ice Magic      | 3 5 6 7 8 |  8.0
Earth Magic    | 3 4 6 |  6.7
Conjurations   | 3 6 8 9 |  9.4
Armour         | 2 4 |  4.3
Fire Magic     | 4 |  4.2
Translocations | 1 |  1.4
Stealth        | 5 |  5.2
Necromancy     | 1 |  1.8
Throwing       | |  2.0
Shields        | |  0.4

Action                   |  1- 3 |  4- 6 |  7- 9 | 10-12 | 13-15 || total
-------------------------+-------+-------+-------+-------+-------++-------
Melee: Dagger            |    72 |   152 |   319 |   885 |   889 ||  2317
       Kick              |    17 |    33 |   123 |   392 |   674 ||  1239
       Peck              |     8 |    27 |    63 |   238 |   446 ||   782
       Punch             |     1 |     3 |     5 |    23 |    31 ||    63
       Scimitar          |       |       |       |     6 |   454 ||   460
       Great sword       |       |       |       |       |     4 ||     4
 Fire: Sling             |       |     1 |     3 |       |       ||     4
       Shortbow          |       |       |       |     1 |       ||     1
       Longbow           |       |       |       |       |   103 ||   103
Throw: Stone             |       |     5 |     5 |       |       ||    10
       Boomerang         |       |     2 |    20 |    61 |   151 ||   234
       Dart              |       |       |    34 |    71 |   135 ||   240
 Cast: Freeze            |       |       |       |    44 |     3 ||    47
       Frozen Ramparts   |       |       |       |       |    80 ||    80
       Lee's Rapid Decon |       |       |       |       |    27 ||    27
       Sandblast         |       |       |       |       |     2 ||     2
       Sticky Flame      |       |       |       |       |    54 ||    54
       Iron Shot         |       |       |       |       |    26 ||    26
       Apportation       |       |       |       |       |     4 ||     4
Evoke: Wand              |       |     1 |     7 |    19 |    20 ||    47
       Piece from Xom's  |       |       |       |       |     5 ||     5
  Use: Potion            |       |     3 |       |    10 |     3 ||    16
       Scroll            |       |       |       |    20 |     8 ||    28
 Stab: Sleeping          |     5 |    10 |     5 |     9 |     6 ||    35
       Invisible         |       |     1 |     4 |     7 |       ||    12
       Distracted        |       |       |       |       |     1 ||     1
Armor: Robe              |    14 |    13 |       |       |       ||    27
       Skin              |       |     8 |       |       |       ||     8
       Leather armour    |       |     6 |    25 |    63 |   121 ||   215
       Acid dragon scale |       |       |       |       |    73 ||    73
Dodge: Dodged            |    25 |    66 |   228 |   664 |   948 ||  1931
       Repelled          |       |       |       |     4 |    39 ||    43

Table legend: (Time is in decaauts)
 A = Elapsed time spent in this place.
 B = Non-inter-level travel time spent in this place.
 C = Inter-level travel time spent in this place.
 D = Time resting spent in this place.
 E = Time spent auto-exploring this place.
 F = Levels seen in this place.
 G = Mean time per level.
                   A        B        C        D        E       F      G
               +--------+--------+--------+--------+--------+-----+--------+
         Total |  44920 |  40714 |   4206 |  16626 |  11535 |  27 | 1663.7 |
       Dungeon |  16820 |  15023 |   1797 |   3684 |   6265 |  15 | 1121.3 |
        Temple |    175 |    154 |     21 |      0 |    139 |   1 |  175.0 |
          Lair |  20399 |  18371 |   2028 |   8928 |   4651 |   6 | 3399.8 |
         Swamp |   4537 |   4179 |    358 |   2292 |    406 |   2 | 2268.5 |
     Snake Pit |     20 |     20 |      0 |      0 |      0 |   1 |   20.0 |
        Bailey |    907 |    907 |      0 |    385 |     49 |   1 |  907.0 |
      Ice Cave |   2059 |   2059 |      0 |   1337 |     23 |   1 | 2059.0 |
               +--------+--------+--------+--------+--------+-----+--------+

Top non-repeatable levels by time:
  Lair:4: 6949 daAuts
  Lair:1: 4077 daAuts
 Swamp:1: 4045 daAuts
  Lair:6: 3059 daAuts
  Lair:3: 3049 daAuts
     D:9: 2769 daAuts
   IceCv: 2059 daAuts
  Lair:5: 1764 daAuts
     D:7: 1740 daAuts
    D:11: 1596 daAuts
     D:4: 1564 daAuts
  Lair:2: 1498 daAuts
     D:2: 1431 daAuts
     D:5: 1407 daAuts
     D:3: 1239 daAuts
